[Event "Bangladesh SAIF Powertec-ch 2024"]
[Site "Dhaka"]
[Date "2024.07.05"]
[Round "12.1"]
[White "Islam, Khandaker Aminul"]
[Black "Md Minhaz Uddin"]
[Result "1-0"]
[ECO "D00"]
[WhiteElo "2115"]
[BlackElo "2228"]
[Annotator "TA"]
[PlyCount "55"]
[EventDate "2024.06.23"]
[EventType "tourn"]
[EventCountry "BAN"]
[SourceTitle "playchess.com"]
[Source "ChessBase"]
[SourceQuality "1"]
[TimeControl "40/5400+30:1800+30"]

1. d4 Nf6 2. Nc3 d5 3. Bf4 a6 4. e3 e6 5. a3 c5 6. Nf3 Qb6 7. Rb1 Nc6 8. Bd3 {[%emt 0:01:21] Die Stellung ist ausgeglichen.} Bd7 9. dxc5 Qxc5 10. O-O Nh5 11. Bc7 b5 {[%emt 0:11:44] Verhindert Na4.} 12. Ne5 Nxe5 (12... Nf6 $11) 13. Bxe5 $16 Nf6 14. Qf3 Be7 15. Qh3 ({Vorzuziehen ist} 15. b4 $16 Qb6 16. e4) 15... Bc6 (15... h5 $11) 16. Ne2 {[%emt 0:01:04] Weiß steht deutlich aktiver.} h6 17. Nf4 (17. f4 $16) 17... Bd7 18. Rfd1 Bd6 19. Bxf6 gxf6 20. Nh5 Be7 21. e4 (21. Qg4 $16) 21... d4 22. f4 Rg8 23. Ng3 O-O-O 24. Kh1 Bc6 25. b4 Qd6 26. Rf1 Kb8 (26... h5 $5) 27. Qh5 Rg6 (27... Be8 $11 {hält das Gleichgewicht.}) 28. e5 {[%emt 0:02:16] Gewichteter Fehlerwert: Weiß=0.18 (sehr präzise) /Schwarz=0.26 (präzise) .  Fehler:       	Weiß=3     	Schwarz=3     Ungenau:       	Weiß=1     	Schwarz=4     OK:         	Weiß=8     	Schwarz=5     Bester:       	---       	Schwarz=1} 1-0

[Event "Bangladesh SAIF Powertec-ch 2024"]
[Site "Dhaka"]
[Date "2024.07.05"]
[Round "12.2"]
[White "Anata, Choudhury"]
[Black "Ahmed, Sheikh Nasir"]
[Result "1-0"]
[ECO "B30"]
[WhiteElo "2155"]
[BlackElo "2112"]
[Annotator "RC"]
[PlyCount "46"]
[EventDate "2024.06.23"]
[EventType "tourn"]
[EventCountry "BAN"]
[SourceTitle "playchess.com"]
[Source "ChessBase"]
[SourceQuality "1"]
[TimeControl "40/5400+30:1800+30"]

1. e4 c5 2. Nf3 e6 3. Nc3 Nc6 4. Bb5 Nge7 5. d4 cxd4 6. Nxd4 a6 7. Be2 Nxd4 8. Qxd4 Nc6 9. Qd3 Be7 10. Bf4 O-O 11. O-O-O b5 12. h4 Qa5 13. Qg3 Ra7 14. Bh6 Bf6 15. e5 Bxe5 16. f4 Bxc3 17. bxc3 Qa3+ 18. Kd2 g6 19. h5 d5 20. Bxf8 Kxf8 21. hxg6 fxg6 22. Rh4 b4 23. Rdh1 Kg8 1-0

[Event "Bangladesh SAIF Powertec-ch 2024"]
[Site "Dhaka"]
[Date "2024.07.09"]
[Round "12.2"]
[White "Anata, Choudhury"]
[Black "Ahmed, Sheikh Nasir"]
[Result "1-0"]
[ECO "B40"]
[WhiteElo "2155"]
[BlackElo "2112"]
[Annotator "RC"]
[PlyCount "83"]
[EventDate "2024.06.23"]
[EventType "tourn"]
[EventCountry "BAN"]
[SourceTitle "playchess.com"]
[Source "ChessBase"]
[SourceQuality "1"]
[TimeControl "40/5400+30:1800+30"]

1. e4 c5 2. Nf3 e6 3. g3 d5 4. exd5 exd5 5. d4 Nf6 6. Bg2 Be7 7. O-O O-O 8. dxc5 Bxc5 9. a3 Nc6 10. b4 Be7 11. Nc3 a6 12. Bb2 h6 13. Re1 Bf5 14. Nd4 Bg6 15. Nb3 Rc8 16. Rc1 a5 17. b5 Na7 18. Qd4 b6 19. Nxd5 Bc5 20. Nxc5 Rxc5 21. c4 Nc8 22. Nxf6+ gxf6 23. Qxd8 Rxd8 24. Bxf6 Rf8 25. Bd5 Kh7 26. Be7 Nxe7 27. Rxe7 Kg7 28. Rb7 Rd8 29. Re1 Rd6 30. Ree7 Rf6 31. Rec7 Rxc7 32. Rxc7 Kf8 33. f4 Ke8 34. Kf2 Kd8 35. Ra7 Rd6 36. Ke3 Rd7 37. Ra8+ Ke7 38. Kd4 Bf5 39. Rb8 Rd6 40. Rb7+ Bd7 41. c5 bxc5+ 42. Kxc5 1-0

[Event "Bangladesh SAIF Powertec-ch 2024"]
[Site "Dhaka"]
[Date "2024.07.09"]
[Round "12.3"]
[White "Mohammad Fahad, Rahman"]
[Black "Nayem, Haque"]
[Result "1/2-1/2"]
[ECO "D38"]
[WhiteElo "2437"]
[BlackElo "2187"]
[Annotator "TA"]
[PlyCount "107"]
[EventDate "2024.06.23"]
[EventType "tourn"]
[EventCountry "BAN"]
[SourceTitle "playchess.com"]
[Source "ChessBase"]
[SourceQuality "1"]
[TimeControl "40/5400+30:1800+30"]

1. d4 d5 2. c4 e6 3. Nc3 Nf6 4. Nf3 Bb4 5. Qa4+ Nc6 6. e3 a6 7. Bd2 O-O 8. a3 Bd6 9. c5 Be7 10. Bd3 {[%emt 0:00:46] White is slightly better.} Bd7 11. Qc2 h6 12. O-O Be8 13. b4 Nd7 14. e4 ({White should try} 14. h3 $16) 14... dxe4 $11 15. Nxe4 Nf6 16. Rad1 Rb8 (16... Nxd4 $2 17. Nxd4 a5 (17... Qxd4 $2 18. Bc3 $18) 18. Nxf6+ Bxf6 19. Be3 $18) (16... Nxe4 $11 {remains equal.} 17. Bxe4 f5) 17. Rfe1 $16 Nxe4 (17... Nxd4 $2 18. Nxd4 Nd5 19. c6 $18) 18. Bxe4 {[%emt 0:00:33][%cal Od2h6] And now Bxh6! would win.} Bf6 (18... Nxd4 $2 19. Nxd4 Qc8 20. Bf4 $18) 19. Bc1 {[%emt 0:10:46] aiming for d5.} Ne7 (19... Nxd4 $2 20. Nxd4 Bxd4 21. Bf4 $18) 20. Ne5 Nd5 21. Rd3 Bb5 (21... Bg5 $16) 22. Rg3 Bh4 23. Rg4 {[%emt 0:09:53] White has more active pieces.} (23. Bh7+ $16 Kh8 24. Rh3) 23... f5 $2 {[%emt 0:00:53] [#]} (23... h5 $1 $14 24. Rxh4 (24. Bh7+ Kh8 $11) 24... Qxh4) 24. Bxh6 $1 $18 Bf6 {[%emt 0:01:58] [#]} (24... fxg4 25. Bh7+ Kh8 26. Ng6+ Kxh7 27. Nxf8+ Kg8 28. Qh7+ (28. Nxe6 Qf6 $19) 28... Kxf8 29. Qxg7+ Ke8 30. Qg8+ Ke7 31. Qxe6#) 25. Bxd5 $2 (25. Rg3 $1 $18) 25... Qxd5 $11 26. Rg3 {[%emt 0:00:22] Black must now prevent Qc1. Some like it hot} Qxd4 27. Nf3 Qc4 (27... Qc3 {simplifies} 28. Qxc3 Bxc3 29. Ne5 Bxe5 30. Rxe5 Rf7) 28. Qd2 (28. Qxc4 $14 Bxc4 29. Bf4) 28... Rbd8 $15 29. Qf4 Rd3 {[%emt 0:22:06] Threatening ...Qc3.} (29... Qxf4 {simplifies} 30. Bxf4 Rd3 31. Bxc7 Rxa3 32. Bd6 Re8) 30. h4 (30. Qxc7 Qc3 31. Bxg7 (31. Qxb7 $2 Rxf3 $19) 31... Bxg7 32. Qxb7 Bc4 $15) 30... Rf7 (30... Rxa3 31. Qxc7 Rf7 32. Qb8+ Kh7 33. Be3 $16) (30... Qxf4 {simplifies} 31. Bxf4 Rxa3 32. Bxc7 Rb3) 31. a4 Qxf4 $1 32. Bxf4 Bxa4 33. Rxe6 Bc6 34. Ne5 (34. Bxc7 $11 {keeps the balance.} Bxf3 35. gxf3) 34... Rxg3 (34... Rd1+ $17 35. Kh2 Rd4 (35... Bxh4 36. Ra3 $11)) 35. Bxg3 $11 Bd5 {[%emt 0:09:09] A strong pair of Bishops.} 36. Re8+ Rf8 37. Rxf8+ Kxf8 $14 {[%emt 0:00:03][%mdl 4096] Endgame. KBB-KBN} 38. Nd7+ Ke7 39. Nxf6 Kxf6 40. Bxc7 {[%emt 0:00:10] KB-KB} g6 41. Kh2 Bc6 42. Kg3 Bd5 43. f3 Bc4 44. Kf4 Bf1 45. Bd8+ Kf7 46. g4 fxg4 47. Kxg4 (47. fxg4 $16 Be2 48. Kg5) 47... Bb5 48. Kg5 Be2 49. f4 Bd3 50. Bf6 Bc2 51. Bc3 Bd3 52. Bd4 Bc2 53. Bc3 Bd3 54. Bd4 {[%emt 0:00:05] Weighted Error Value: White=0.21 (precise) /Black=0.19 (very precise) .  Loses game:     	---       	Black=1      Missed win:     	White=1     	---        Mistake:       	White=6     	Black=3      Inaccurate:     	White=2     	Black=6      OK:         	White=20    	Black=10     Best:        	White=1     	Black=6      Strong:       	White=1     	Black=1} 1/2-1/2

[Event "Bangladesh SAIF Powertec-ch 2024"]
[Site "Dhaka"]
[Date "2024.07.05"]
[Round "12.3"]
[White "Mohammad Fahad, Rahman"]
[Black "Nayem, Haque"]
[Result "1-0"]
[ECO "E04"]
[WhiteElo "2437"]
[BlackElo "2187"]
[Annotator "TA"]
[PlyCount "81"]
[EventDate "2024.06.23"]
[EventType "tourn"]
[EventCountry "BAN"]
[SourceTitle "playchess.com"]
[Source "ChessBase"]
[SourceQuality "1"]
[TimeControl "40/5400+30:1800+30"]

1. d4 d5 2. c4 c6 3. Nc3 Nf6 4. Nf3 e6 5. g3 dxc4 6. Bg2 b5 7. O-O Bb7 8. Ne5 Nd5 9. a4 a6 10. e4 Nxc3 11. bxc3 Nd7 12. Bf4 Be7 13. Qg4 Bf6 14. Nxd7 {[%emt 0:21:56] The position is equal.} Qxd7 15. e5 h5 16. Qf3 Bd8 17. axb5 $1 axb5 18. Rxa8 Bxa8 19. Ra1 Bb7 20. Bc1 {[%emt 0:00:18][%mdl 1024] White has compensation.} Bb6 21. Ba3 Kd8 22. Re1 (22. Qf4 $14) 22... Kc8 $11 {[%emt 0:02:39][%cal Oc6c5] Threatens to win with ...c5!} 23. Qf4 g6 24. h4 {[%emt 0:02:23] Black is weak on the dark squares} Bc7 25. Qf6 Rh7 26. Be4 Bd8 27. Qf3 Rh8 28. Bc5 Rg8 29. Kg2 Rh8 30. Rh1 Rh7 31. Kf1 Rh8 (31... Kc7 $11) 32. Ke2 $14 Kc7 33. Rb1 {[%emt 0:00:00] White has more active pieces.} (33. Ra1 {is interesting.} Kb8 34. Qh1 Bc7 35. Ra7) 33... Kc8 34. Ra1 Bc7 35. Qh1 (35. Ra7 {keeps more tension.} Kb8 36. Qh1 Re8 37. Ra3) 35... Bb8 36. Ra5 Rd8 {[%emt 0:04:17][%cal Ob8e5] aiming for ...Bxe5!} 37. Ra2 Rh8 38. Ra5 (38. Rb2 $16) 38... Rg8 (38... Rd8 $11 {remains equal.}) 39. Qf3 $16 Rd8 {[%emt 0:04:57][%cal Ob8e5] Strongly threatening ...Bxe5!} 40. Ra1 Bc7 {[%emt 0:01:41] [#]} (40... Rg8 $16 41. Ra5 Qc7) 41. Ra6 $3 {[%emt 0:11:07][%mdl 512] Weighted Error Value: White=0.09 (flawless) /Black=0.20 (precise) .  Mistake:       	White=2     	Black=3      Inaccurate:     	White=3     	Black=4      OK:         	White=16    	Black=4      Best:        	---       	Black=1      Strong:       	White=1     	---        Brilliant:      	White=1     	---} 1-0

[Event "Bangladesh SAIF Powertec-ch 2024"]
[Site "Dhaka"]
[Date "2024.07.05"]
[Round "12.4"]
[White "Rahman, Ziaur"]
[Black "Hossain, Enamul"]
[Result "1/2-1/2"]
[ECO "E66"]
[WhiteElo "2423"]
[BlackElo "2365"]
[Annotator "TA"]
[PlyCount "49"]
[EventDate "2024.06.23"]
[EventType "tourn"]
[EventCountry "BAN"]
[SourceTitle "playchess.com"]
[Source "ChessBase"]
[SourceQuality "1"]
[TimeControl "40/5400+30:1800+30"]

1. c4 Nf6 2. g3 g6 3. Bg2 Bg7 4. Nc3 d6 5. d4 O-O 6. Nf3 c5 7. O-O Nc6 8. d5 Na5 9. Nd2 e6 10. Rb1 Re8 11. b4 cxb4 12. Rxb4 exd5 {[%emt 0:09:34] The position is equal.} 13. cxd5 Bf5 14. Bb2 Rc8 15. Qa1 Bh6 (15... Ng4 $11) 16. e3 $14 Bd3 17. Rd1 Qd7 18. Nb3 Nxb3 19. axb3 ({And not} 19. Rxb3 Bc2 20. Rf1 Bxb3 21. axb3 Ng4 $17) 19... Ba6 20. h3 Re7 21. Ra4 Ne8 22. Na2 Bg7 (22... Bb5 $1 $14 23. Ra5 (23. Rxa7 Rxe3 24. Nc3 Re7 $14) 23... a6) 23. Bxg7 $16 Nxg7 24. Nb4 Be2 25. Re1 {[%emt 0:04:28] Weighted Error Value: White=0.10 (very precise) /Black=0.19 (very precise) .  Mistake:       	White=1     	Black=2      Inaccurate:     	White=2     	Black=2      OK:         	White=6     	Black=7} (25. Rd2 $18 Ba6 26. Nxa6) 1/2-1/2

[Event "Bangladesh SAIF Powertec-ch 2024"]
[Site "Dhaka"]
[Date "2024.07.05"]
[Round "12.5"]
[White "Zia, Tahsin Tajwar"]
[Black "Abu Sufian, Shakil"]
[Result "1-0"]
[ECO "D15"]
[WhiteElo "2241"]
[BlackElo "2202"]
[Annotator "TA"]
[PlyCount "71"]
[EventDate "2024.06.23"]
[EventType "tourn"]
[EventCountry "BAN"]
[SourceTitle "playchess.com"]
[Source "ChessBase"]
[SourceQuality "1"]
[TimeControl "40/5400+30:1800+30"]

1. d4 d5 2. c4 c6 3. Nf3 Nf6 4. Nc3 dxc4 5. e4 b5 6. Qc2 e6 7. Be2 Bb7 8. O-O Nbd7 {[%emt 0:04:36] The position is equal.} 9. b3 b4 10. e5 $1 cxb3 11. Qxb3 Nd5 12. Nxd5 cxd5 13. Bg5 Qb6 14. Rfc1 h6 15. Bd2 Ba6 16. Bxa6 Qxa6 17. Bxb4 Bxb4 18. Qxb4 Rb8 19. Qd6 Rb6 20. Qc7 {[%emt 0:00:06] Hoping for Qc8+.} Ke7 $1 21. a4 Rhb8 22. h4 (22. h3 {looks sharper.} Rb2 23. a5 Qe2 24. Rf1) 22... Qb7 (22... Rb2 {is more complex.} 23. a5 Qe2 24. Rf1 Qc4) 23. Qc2 Nf8 {[%emt 0:02:38] Prevents Qh7.} 24. a5 Rb2 25. Qc7+ Qxc7 (25... Ke8 $11 {keeps the balance.}) 26. Rxc7+ $16 Nd7 27. Rxa7 Rb1+ $2 {[%emt 0:00:19] Black cannot hold the game after this.} ({Black should play} 27... R2b7 $14 28. Ra6 (28. Rxb7 Rxb7 29. h5 Nb8 $16) 28... Rd8) 28. Rxb1 $18 Rxb1+ {[%emt 0:00:02][%mdl 4096] Endgame. KRN-KRN} 29. Kh2 Kd8 30. h5 Kc8 31. Ra8+ Rb8 32. Rxb8+ Nxb8 {[%emt 0:00:21] [#]} 33. Nd2 $1 Kb7 34. f4 Ka6 35. Nb3 Kb5 {[%emt 0:00:20] [#]} 36. g4 $1 {[%emt 0:00:06] Weighted Error Value: White=0.01 (flawless) /Black=0.19 (very precise) .  Loses game:     	---       	Black=1      Mistake:       	---       	Black=1      Inaccurate:     	---       	Black=1      OK:         	White=17    	Black=11     Best:        	White=2     	Black=2      Strong:       	White=3     	Black=1} 1-0

[Event "Bangladesh SAIF Powertec-ch 2024"]
[Site "Dhaka"]
[Date "2024.07.09"]
[Round "12.6"]
[White "Chatterjee, Debaraj"]
[Black "Amit Bikram, Roy"]
[Result "1-0"]
[ECO "D85"]
[WhiteElo "2132"]
[BlackElo "1989"]
[Annotator "RC"]
[PlyCount "47"]
[EventDate "2024.06.23"]
[EventType "tourn"]
[EventCountry "BAN"]
[SourceTitle "playchess.com"]
[Source "ChessBase"]
[SourceQuality "1"]
[TimeControl "40/5400+30:1800+30"]

1. d4 Nf6 2. c4 g6 3. Nc3 d5 4. cxd5 Nxd5 5. e4 Nxc3 6. bxc3 Bg7 7. Nf3 c5 8. Rb1 O-O 9. Be2 Nc6 10. d5 Ne5 11. Nxe5 Bxe5 12. Qd2 e6 13. f4 Bc7 14. O-O exd5 15. exd5 Ba5 16. d6 Rb8 17. Rb5 Bd7 18. f5 Bxb5 19. Bxb5 a6 20. f6 Bxc3 21. Qxc3 Kh8 22. Qd2 axb5 23. Qh6 Rg8 24. Rf3 1-0